 Dungeon Crawl Stone Soup version 0.27-a0-941-g386ccf399c (webtiles) character file.

Game seed: 2317510449561820890

28240 Froggeryz the Gelid (level 13, -14/93 HPs)
             Began as a Demonspawn Ice Elementalist on Apr 11, 2021.
             Was an Elder of Vehumet.
             Demolished by Rupert
             ... wielding a +2 battleaxe of flaming
              (24 damage)
             ... on level 3 of the Lair of Beasts.
             The game lasted 00:30:32 (19329 turns).

Froggeryz the Gelid (Demonspawn Ice Elementalist)  Turns: 19329, Time: 00:30:33

Health: -14/93     AC: 24    Str:  9    XL:     13   Next: 8%
Magic:  16/22      EV: 14    Int: 21    God:    Vehumet [****..]
Gold:   740        SH:  0    Dex: 14    Spells: 17/24 levels left

rFire    . . .     SeeInvis .   I - +2 flail (protect)
rCold    . . .     Faith    .   (no shield)
rNeg     . . .     Spirit   .   C - +0 steam dragon scales
rPois    .         Reflect  .   (helmet restricted)
rElec    .         Harm     .   h - +0 cloak
rCorr    .         Rampage  .   (no gloves)
Will     .....                  (no boots)
Stlth    ++........             (no amulet)
HPRegen  0.25/turn              f - +4 ring of protection
MPRegen  0.36/turn              p - ring of wizardry

@: ice-armoured, freezing walls
A: horns 2, foul stench 3, augmentation 1, magic regeneration, sturdy frame 2,
shaggy fur 2
a: Renounce Religion


You were on level 3 of the Lair of Beasts.
You worshipped Vehumet.
Vehumet was greatly pleased with you.
You visited 3 branches of the dungeon, and saw 14 of its levels.
You also visited: Ossuary.

You collected 779 gold pieces.
You spent 39 gold pieces at shops.

Inventory:

Hand Weapons
 I - a +2 flail of protection (weapon)
Missiles
 a - a throwing net
 t - 7 atropa-tipped darts
 u - 12 curare-tipped darts
 L - 7 silver javelins (quivered)
Armour
 h - a +0 cloak (worn)
 n - +0 storm dragon scales
 C - +0 steam dragon scales (worn)
 J - a +2 buckler
Jewellery
 f - a +4 ring of protection (left hand)
 p - a ring of wizardry (right hand)
 F - a ring of positive energy
Wands
 g - a wand of polymorph (24)
 r - a wand of mindburst (37)
 w - a wand of charming (14)
 G - a wand of acid (7)
 H - a wand of flame (42)
 K - a wand of random effects (52)
 M - a wand of iceblast (10)
 O - a wand of paralysis (11)
Scrolls
 b - 7 scrolls of teleportation
 c - 10 scrolls of noise
 e - 5 scrolls of fog
 j - 2 scrolls of immolation
 m - 6 scrolls of enchant armour
 o - 5 scrolls of amnesia
 q - 2 scrolls of enchant weapon
 y - 6 scrolls of identify
 B - a scroll of vulnerability
 N - a scroll of summoning
Potions
 d - 3 potions of flight
 i - 5 potions of attraction
 k - 2 potions of lignification
 l - 4 potions of mutation
 s - 5 potions of degeneration
 v - 6 potions of haste
 x - 2 potions of cancellation {unknown}
 z - a potion of brilliance
 A - a potion of curing {unknown}
 E - a potion of berserk rage {unknown}
 P - a potion of invisibility {unknown}


   Skills:
 - Level 6.0 Fighting
 - Level 2.6 Armour
 + Level 5.6 Dodging
 - Level 1.7 Stealth
 - Level 5.6 Shields
 - Level 6.1 Spellcasting
 * Level 16.3 Ice Magic


You had 17 spell levels left.
You knew the following spells:

 Your Spells              Type           Power      Damage    Failure   Level
a - Freeze                Ice            100%       1d11      0%          1
b - Frozen Ramparts       Ice            100%       1d12      1%          3
c - Ozocubu's Armour      Ice            66%        N/A       1%          3

Your spell library contained the following spells:

 Spells                   Type           Power      Damage    Failure   Level
 Sticky Flame             Conj/Fire      6%         2d3       11%         4
 Hailstorm                Conj/Ice       40%        3d10      1%          4
 Ice Form                 Ice/Tmut       40%        N/A       1%          4
 Summon Ice Beast         Ice/Summ       40%        N/A       1%          4
 Beastly Appendage        Tmut           12%        N/A       4%          1
 Summon Small Mammal      Summ           24%        N/A       4%          1
 Metabolic Englaciation   Hex/Ice        20%        N/A       4%          5
 Call Imp                 Summ           6%         N/A       6%          2
 Wereblood                Tmut           6%         N/A       6%          2
 Call Canine Familiar     Summ           6%         N/A       12%         3
 Spider Form              Tmut/Pois      3%         N/A       12%         3
 Summon Guardian Golem    Hex/Summ       6%         N/A       12%         3
 Summon Lightning Spire   Summ/Air       6%         N/A       34%         4
 Hydra Form               Tmut           3%         N/A       69%         5


Dungeon Overview and Level Annotations

Branches:
Dungeon (10/15)            Temple (1/1) D:4            Lair (3/6) D:10
 Spider (0/4) Lair:3      Ossuary (visited)
  Swamp: Lair:2-4    Shoals: Lair:2-4       Orc: D:9-12

Altars:
Ashenzari
Cheibriados
Dithmenos
Elyvilon
Fedhas
Gozag
Hepliaklqana
Kikubaaqudgha
Makhleb
Nemelex Xobeh
Okawaru
Qazlal
Ru
Sif Muna
Trog
Uskayaw
Vehumet
Wu Jian
Xom
Yredelemnul
Zin
The Shining One

Shops:
D:3 *

Annotations:
Lair:2 exclusion: oklob plant
Lair:3 Rupert


Innate Abilities, Weirdness & Mutations

You have a pair of horns on your head.
You frequently emit foul miasma when damaged in melee.
Your magical and physical power is slightly enhanced at high health.
You regenerate magic rapidly.
Your movements are less encumbered by armour. (ER -4)
You are covered in thick fur. (AC +2)


Message History

Rupert burns you. The heat melts your icy armour.
Unknown command.
Unknown command.
Casting: Freeze (safe; 0% risk of failure)
Confirm with . or Enter, or press ? or * to list all spells.
Aiming: Freeze (safe; 0% risk of failure)
Press: ? - help, Shift-Dir - straight line, f/p - Rupert
Aim: Rupert, wielding a +2 battleaxe of flaming and wearing a +0 scale mail (moderately wounded, berserk, covered in acid)
You freeze Rupert.
Rupert is moderately wounded.
The wall freezes Rupert but does no damage.
Rupert hits you with a +2 battleaxe of flaming!!
Rupert burns you!
You hear an angry hiss.
The heat melts your icy armour.
Unknown command.
Unknown command.
Okay, then.
Unknown command.
You feel much better.
The wall freezes Rupert.
Rupert hits you with a +2 battleaxe of flaming!
Rupert burns you.
The wall freezes Rupert.
Rupert hits you with a +2 battleaxe of flaming!!
* * * LOW HITPOINT WARNING * * *
Rupert burns you.
* * * LOW HITPOINT WARNING * * *
The heat melts your icy armour.
Unknown command.
Okay, then.
Unknown command.
Aiming: Corrosive Bolt
Press: ? - help, Shift-Dir - straight line, f/p - Rupert
Aim: Rupert, wielding a +2 battleaxe of flaming and wearing a +0 scale mail (moderately wounded, berserk, covered in acid, 25% to evade)
The bolt of acid hits Rupert!
Rupert is splashed with acid.
Rupert seems to be corroded for longer.
Rupert is moderately wounded.
The wall freezes Rupert!
Rupert hits you with a +2 battleaxe of flaming!!
You die...

#.#........####...##
##.#†........##≈≈≈#
##...P...........#
###.............#
#...#.......###
#....##..####
.........##
..........###
..........@@#
.........##.....#
.........# #.....#
.......... .PP...
.......... ####.
..........#
........## ...####


You could see Rupert (berserk, corroded).

Vanquished Creatures
  3 hydras (Lair:2)
  Harold (D:7)
  The ghost of schwarznadel the Carver, a journeyman FoFi of the Shining One (D:10)
  6 two-headed ogres
  A death yak (Lair:2)
  A deep elf pyromancer (D:8)
  An oklob plant (Lair:2)
  3 black mambas (Lair:2)
  4 cane toads
  A gargoyle (D:9)
  3 kobold demonologists (D:10)
  3 komodo dragons
  2 rime drakes
  2 jumping spiders (Lair:3)
  2 hornets (D:9)
  Prince Ribbit (D:6)
  5 redbacks (Lair:3)
  A shadow (D:9)
  2 basilisks (Lair:2)
  A wraith (D:10)
  35 yaks
  4 wyverns
  2 steam dragons
  Menkaure (D:5)
  7 water moccasins
  3 acid dragons
  Duvessa (D:6)
  A floating eye (D:9)
  3 sky beasts
  2 ice beasts
  4 black bears
  5 orc warriors
  2 necrophages
  An ogre (D:6)
  2 wolves (Lair:2)
  4 centaurs
  3 phantoms
  9 bullfrogs
  11 kobold brigands
  A gnoll sergeant (D:8)
  Dowan (D:6)
  2 wyvern zombies
  A scorpion (D:2)
  A water moccasin zombie (D:5)
  6 killer bees (D:10)
  A wight (D:9)
  A howler monkey (D:4)
  2 electric eels
  A bullfrog zombie (D:6)
  3 hounds
  A centaur skeleton (D:7)
  7 orc priests
  2 human zombies (Ossuary)
  5 gnoll shamans
  2 iguanas
  8 orc wizards
  3 mummies (Ossuary)
  2 howler monkey zombies (D:9)
  12 adders
  15 gnolls
  A howler monkey skeleton (D:7)
  A shadow imp (D:5)
  2 white imps
  2 ufetubi
  32 orcs
  5 endoplasms
  2 giant cockroaches (D:1)
  3 goblins
  7 hobgoblins
  8 jackals
  13 kobolds
  A quokka (D:5)
  8 ball pythons
  5 bats
  3 frilled lizards
  2 gnoll zombies (Ossuary)
  A goblin zombie (Ossuary)
  A hobgoblin zombie (Ossuary)
  2 orc zombies (Ossuary)
  4 rats
324 creatures vanquished.

Vanquished Creatures (collateral kills)
  A mummy (Ossuary)
  A howler monkey skeleton (D:5)
2 creatures vanquished.

Vanquished Creatures (others)
  An ice beast (D:7)
  A mummy (Ossuary)
  4 fungi
  11 plants
17 creatures vanquished.

Grand Total: 343 creatures vanquished

Notes
Turn   | Place    | Note
-------+----------+-------------------------------------------
     0 | D:1      | Froggeryz the Demonspawn Ice Elementalist began the quest
                  | for the Orb.
     0 | D:1      | Reached XP level 1. HP: 13/13 MP: 3/3
   378 | D:1      | Found a faded altar of an unknown god.
   395 | D:1      | Reached skill level 4 in Ice Magic
   659 | D:1      | Gained mutation: Your movements are slightly less
                  | encumbered by armour. (ER -2) [demonic ancestry]
   659 | D:1      | Reached XP level 2. HP: 19/19 MP: 5/5
  1350 | D:2      | Reached XP level 3. HP: 22/24 MP: 2/6
  1684 | D:2      | Noticed a scorpion
  1890 | D:2      | Reached skill level 5 in Ice Magic
  2023 | D:2      | Reached XP level 4. HP: 22/30 MP: 3/7
  2027 | D:2      | Learned a level 3 spell: Frozen Ramparts
  2719 | D:2      | Killed a scorpion
  2875 | D:3      | Reached XP level 5. HP: 34/35 MP: 5/8
  2915 | D:3      | Found Cocsueca's General Store.
  2922 | D:3      | Bought a scroll of fog for 26 gold pieces
  2922 | D:3      | Bought a scroll of noise for 13 gold pieces
  3086 | D:3      | Noticed a black bear
  3098 | D:3      | Killed a black bear
  3099 | D:3      | Reached skill level 6 in Ice Magic
  3264 | D:4      | Gained mutation: You may rarely emit foul miasma when
                  | damaged in melee. [demonic ancestry]
  3264 | D:4      | Reached XP level 6. HP: 32/41 MP: 5/9
  4285 | D:4      | Found a staircase to the Ecumenical Temple.
  4425 | D:4      | Reached skill level 7 in Ice Magic
  4517 | Temple   | Entered the Ecumenical Temple
  4611 | Temple   | Became a worshipper of Vehumet
  4838 | D:5      | Entered Level 5 of the Dungeon
  4909 | D:5      | Gained mutation: You sometimes emit foul miasma when
                  | damaged in melee. [demonic ancestry]
  4909 | D:5      | Reached XP level 7. HP: 35/46 MP: 7/12
  5011 | D:5      | Noticed Menkaure
  5020 | D:5      | Killed Menkaure
  5471 | D:4      | Learned a level 3 spell: Ozocubu's Armour
  5688 | D:5      | Reached skill level 8 in Ice Magic
  6117 | D:5      | Gained mutation: You frequently emit foul miasma when
                  | damaged in melee. [demonic ancestry]
  6117 | D:5      | Reached XP level 8. HP: 46/52 MP: 10/14
  6684 | D:6      | Reached * piety under Vehumet
  6684 | D:6      | Offered knowledge of Magic Dart by Vehumet.
  6743 | D:6      | Noticed Duvessa
  6743 | D:6      | Noticed Dowan
  6752 | D:6      | Killed Duvessa
  6753 | D:6      | Reached skill level 5 in Spellcasting
  6753 | D:6      | Reached skill level 9 in Ice Magic
  6781 | D:6      | Killed Dowan
  6878 | D:6      | Noticed Prince Ribbit
  6929 | D:6      | Found a sand-covered staircase.
  6956 | Ossuary  | Entered an ossuary
  8117 | D:6      | Gained mutation: You have a pair of small horns on your
                  | head. [demonic ancestry]
  8117 | D:6      | Reached XP level 9. HP: 49/57 MP: 17/17
  8455 | D:6      | Killed Prince Ribbit
  8456 | D:6      | Reached skill level 10 in Ice Magic
  8685 | D:6      | Reached skill level 1 in Fighting
  9034 | D:7      | Reached ** piety under Vehumet
  9039 | D:7      | Offered knowledge of Searing Ray by Vehumet.
  9513 | D:7      | Noticed Maggie
  9519 | D:7      | Noticed Maggie
  9519 | D:7      | Maggie changed into Maggie the gnoll
  9526 | D:7      | Killed Maggie the gnoll
  9757 | D:7      | Noticed Harold
  9770 | D:7      | Killed Harold
  9771 | D:7      | Reached skill level 11 in Ice Magic
 10229 | D:7      | Gained mutation: You have a pair of horns on your head.
                  | [demonic ancestry]
 10229 | D:7      | Reached XP level 10. HP: 61/72 MP: 17/19
 10482 | D:8      | Noticed a two-headed ogre
 10484 | D:8      | Noticed a two-headed ogre
 10493 | D:8      | Killed a two-headed ogre
 10498 | D:8      | Killed a two-headed ogre
 10499 | D:8      | Reached skill level 5 in Fighting
 10499 | D:8      | Reached skill level 12 in Ice Magic
 10805 | D:8      | Offered knowledge of Static Discharge by Vehumet.
 11224 | D:8      | Identified the +5 leather armour of Vlad {Will+++ rCorr
                  | MP-9 Str-2}
 11233 | D:8      | Noticed a deep elf pyromancer
 11239 | D:8      | Killed a deep elf pyromancer
 11546 | D:9      | Reached skill level 1 in Armour
 11869 | D:9      | Reached *** piety under Vehumet
 11870 | D:9      | Reached skill level 13 in Ice Magic
 12428 | D:9      | Gained mutation: Your movements are less encumbered by
                  | armour. (ER -4) [demonic ancestry]
 12428 | D:9      | Reached XP level 11. HP: 30/77 MP: 18/20
 12749 | D:9      | Found a shadowy altar of Dithmenos.
 12773 | D:9      | Noticed a two-headed ogre
 12786 | D:9      | Killed a two-headed ogre
 12787 | D:9      | Reached skill level 1 in Shields
 12990 | D:9      | Noticed a two-headed ogre
 12996 | D:9      | Paralysed by a hornet for 3 turns
 13003 | D:9      | Killed a two-headed ogre
 14096 | D:10     | Entered Level 10 of the Dungeon
 14200 | D:10     | Found a staircase to the Lair.
 14374 | D:10     | Noticed a two-headed ogre
 14381 | D:10     | Reached skill level 14 in Ice Magic
 14386 | D:10     | Killed a two-headed ogre
 14461 | D:10     | Noticed a two-headed ogre
 14476 | D:10     | Killed a two-headed ogre
 14495 | D:10     | Noticed a soul eater
 14498 | D:10     | Offered knowledge of Conjure Flame by Vehumet.
 14663 | D:10     | Found a runed translucent gate.
 14664 | D:10     | Found a runed translucent gate.
 14664 | D:10     | Found a runed translucent gate.
 14671 | D:10     | Noticed schwarznadel's ghost (journeyman FoFi)
 14785 | D:10     | Gained mutation: You are covered in fur. (AC +1) [potion of
                  | mutation]
 14785 | D:10     | Gained mutation: You are covered in thick fur. (AC +2)
                  | [potion of mutation]
 14790 | D:10     | Reached skill level 5 in Shields
 14792 | D:10     | Killed schwarznadel's ghost
 14793 | D:10     | Gained mutation: Your magical and physical power is
                  | slightly enhanced at high health. [demonic ancestry]
 14793 | D:10     | Reached XP level 12. HP: 31/88 MP: 21/21
 15425 | D:10     | Reached **** piety under Vehumet
 15482 | Lair:1   | Entered Level 1 of the Lair of Beasts
 15857 | Lair:1   | Reached skill level 15 in Ice Magic
 15940 | Lair:1   | Offered knowledge of Sticky Flame by Vehumet.
 17565 | Lair:2   | Noticed a five-headed hydra
 17581 | Lair:2   | Killed a five-headed hydra
 18305 | Lair:2   | Noticed a death yak
 18335 | Lair:2   | Killed a death yak
 18585 | Lair:2   | Reached skill level 16 in Ice Magic
 18799 | Lair:2   | Noticed a seven-headed hydra
 18799 | Lair:2   | Noticed a four-headed hydra
 18812 | Lair:2   | Reached skill level 5 in Dodging
 18813 | Lair:2   | Killed a seven-headed hydra
 18813 | Lair:2   | Killed a four-headed hydra
 18858 | Lair:2   | Gained mutation: You regenerate magic rapidly. [demonic
                  | ancestry]
 18858 | Lair:2   | Reached XP level 13. HP: 82/93 MP: 16/22
 19114 | Lair:3   | Found a hole to the Spider Nest.
 19319 | Lair:3   | Noticed Rupert
 19329 | Lair:3   | Demolished by Rupert

Illustrated notes

Levels and vault maps discovered:
D:1:      nicolae_arrival_somewhat_less_tricky_arrival, layout_basic,
          hellmonk_ecumenical_altar_arch_garden
D:2:      layout_loops_corners, basic_altar, hangedman_decor_growths,
          minmay_fractal_squares_5
D:3:      layout_rooms, serial_shops, nicolae_shop_trees
D:4:      minmay_wonky_spiral, layout_loops_corners,
          minmay_temple_entry_antechambers
D:5:      layout_basic, grunt_ministairs_4, uniq_menkaure
D:6:      layout_loops_cross, nicolae_ossuary_entry_false_entrances,
          hangedman_decor_diamond_cutter, minmay_statues_item, uniq_duvessa,
          uniq_prince_ribbit1
D:7:      layout_basic, uniq_harold, uniq_maggie
D:8:      layout_cave_pools, minmay_strange_pillars, minmay_misc_feat_plants,
          hex_tiny, minmay_crystal_water, guppyfry_early_elven_hall
D:9:      layout_loops_ring, lemuel_crystal_altar, onia_ninara_cookie
D:10:     layout_long_grid, lair_entry_dummy, gammafunk_ghost_nasty_kobolds
Temple:   compressed_dpeg_circular_temple
Lair:1:   layout_gridlike, grunt_forest_stairs_basic, minivault_27
Lair:2:   nzn_winding_woodlands_stair_cross [nzn_winding_woodlands_5x15_default,
          nzn_winding_woodlands_center_garden,
          nzn_winding_woodlands_5x15_river_crossing,
          nzn_winding_woodlands_5x5_cross, nzn_winding_woodlands_5x5_default,
          nzn_winding_woodlands_5x15_sawtooth,
          nzn_winding_woodlands_center_lodge,
          nzn_winding_woodlands_5x15_sidewinder], layout_regular_city,
          basic_altar, st_stairs_9, minmay_lair_oklob_chamber,
          serial_bayou_shore_b
Lair:3:   layout_cave_pods, minmay_shoals_entry_hut,
          nicolae_spider_entry_tight_spaces, hibernation_bobbens,
          infiniplex_staircase_pool_2, uniq_rupert

Skill      XL: |  1  2  3  4  5  6  7  8  9 10 11 12 |
---------------+-------------------------------------+-----
Ice Magic      | 4 5 6 7 8 9 11 13 14 16 | 16.3
Spellcasting   | 3 4 5 6 |  6.1
Fighting       | 4 6 |  6.0
Armour         | 2 |  2.6
Shields        | 5 |  5.6
Dodging        | 5 |  5.6
Stealth        | |  1.7

Action                   |  1- 3 |  4- 6 |  7- 9 | 10-12 | 13-15 || total
-------------------------+-------+-------+-------+-------+-------++-------
Melee: Hand axe          |    64 |    61 |   282 |    28 |       ||   435
       Headbutt          |       |       |     9 |    37 |     3 ||    49
       Flail             |       |       |       |   222 |    19 ||   241
Throw: Javelin           |       |       |     3 |     9 |       ||    12
 Cast: Freeze            |    28 |     8 |     5 |    47 |     2 ||    90
       Frozen Ramparts   |       |    15 |    40 |    65 |     6 ||   126
       Ozocubu's Armour  |       |       |    14 |    41 |     3 ||    58
Evoke: Wand              |       |       |     9 |    15 |     2 ||    26
  Use: Scroll            |     1 |     6 |     3 |     5 |       ||    15
       Potion            |       |       |     4 |     8 |     1 ||    13
 Stab: Sleeping          |     5 |     4 |     5 |       |       ||    14
       Distracted        |       |       |       |     1 |       ||     1
       Paralysed         |       |       |       |     8 |       ||     8
Armor: Robe              |    31 |    20 |   112 |       |       ||   163
       Skin              |       |       |    37 |       |       ||    37
       Steam dragon scal |       |       |     4 |   197 |    13 ||   214
Dodge: Dodged            |    92 |    50 |   144 |   234 |    21 ||   541

Table legend: (Time is in decaauts)
 A = Elapsed time spent in this place.
 B = Non-inter-level travel time spent in this place.
 C = Inter-level travel time spent in this place.
 D = Time resting spent in this place.
 E = Time spent auto-exploring this place.
 F = Levels seen in this place.
 G = Mean time per level.
                   A        B        C        D        E       F      G
               +--------+--------+--------+--------+--------+-----+--------+
         Total |  19590 |  19021 |    569 |   2929 |  13081 |  15 | 1306.0 |
       Dungeon |  14946 |  14457 |    489 |   2177 |  10024 |  10 | 1494.6 |
        Temple |    122 |     95 |     27 |      0 |     74 |   1 |  122.0 |
          Lair |   3687 |   3634 |     53 |    304 |   2830 |   3 | 1229.0 |
       Ossuary |    834 |    834 |      0 |    448 |    152 |   1 |  834.0 |
               +--------+--------+--------+--------+--------+-----+--------+

Top non-repeatable levels by time:
     D:9: 2375 daAuts
  Lair:2: 2245 daAuts
     D:5: 1719 daAuts
     D:4: 1657 daAuts
     D:6: 1654 daAuts
    D:10: 1619 daAuts
     D:2: 1472 daAuts
     D:8: 1455 daAuts
     D:1: 1332 daAuts
     D:7: 1227 daAuts
  Lair:1: 1159 daAuts
 Ossuary: 834 daAuts
     D:3: 431 daAuts
  Lair:3: 282 daAuts
  Temple: 122 daAuts
